 Dungeon Crawl Stone Soup version 0.17-a0-1103-ga40c899 (webtiles) character file.

6828 Kisielow the Protected (level 10, -3/103 HPs)
             Began as a Minotaur Fighter on May 21, 2015.
             Was a High Priest of Okawaru.
             Slain by a yak (13 damage)
             ... on level 10 of the Dungeon.
             The game lasted 00:19:19 (10151 turns).

Kisielow the Protected (Minotaur Fighter)          Turns: 10151, Time: 00:19:19

Health: -3/103     AC:  9    Str: 24    XL:     10   Next: 77%
Magic:  18/18      EV:  7    Int:  5    God:    Okawaru [*****.]
Gold:   454        SH: 13    Dex: 10    Spells: 0 memorised, 9 levels left

rFire  . . .     SeeInvis .     A - +1 morningstar (crush)
rCold  . . .     Clarity  +     i - +0 chain mail
rNeg   . . .     SustAb   .     c - +1 shield
rPois  +         Gourm    .     (helmet restricted)
rElec  .         Spirit   .     p - +0 cloak {rPois}
rCorr  .         Warding  .     (no gloves)
rMut   .         Stasis   .     (no boots)
MR     .....                    z - amulet of faith
Stlth  ..........               N - ring of wizardry
                                n - ring of magical power

@: not resistant to hostile enchantments, extremely unstealthy
A: retaliatory headbutt, horns 2, talons 1, blink 1, clarity, deformed body,
sense surroundings 1, robust 1
a: Blink, Heroism, Finesse, Renounce Religion


You were on level 10 of the Dungeon.
You worshipped Okawaru.
Okawaru was extremely pleased with you.
You were hungry.

You visited 2 branches of the dungeon, and saw 11 of its levels.
You also visited: Sewer.

You collected 454 gold pieces.

Inventory:

Hand weapons
 A - a +1 morningstar of crushing (weapon)
Armour
 a - the +1 robe of Orthodoxy {rN++ Int+3 Dex-3}
   (You found it on level 7 of the Dungeon)

   It affects your intelligence (+3).
   It affects your dexterity (-3).
   It greatly protects you from negative energy.
 c - a +1 shield (worn)
 i - a +0 chain mail (worn)
 p - a +0 cloak of poison resistance (worn)
Jewellery
 n - a ring of magical power (left hand)
 o - an uncursed amulet of resist corrosion
 z - an amulet of faith (around neck)
 N - a ring of wizardry (right hand)
Magical devices
 d - a wand of digging (12)
 k - a wand of magic darts (15)
 x - a wand of confusion (39)
 G - a wand of enslavement (15)
 H - a wand of digging (10)
Scrolls
 f - 2 scrolls of vulnerability {unknown}
 l - a scroll of fog
 q - 4 scrolls of teleportation
 v - 7 scrolls of enchant weapon
 y - a scroll of remove curse
 M - a scroll of identify
Potions
 b - 3 potions of curing
 g - 2 potions of degeneration
 m - a potion of heal wounds
 s - 2 potions of invisibility
 t - 2 potions of poison
 w - a potion of berserk rage
 B - a potion of might
 C - a potion of flight
 F - a potion of agility
Books
 j - a book of Necromancy

   Spells                             Type                      Level
   a - Pain                           Necromancy                   1
   b - Animate Skeleton               Necromancy                   1
   c - Vampiric Draining              Necromancy                   3
   d - Regeneration                   Charms/Necromancy            3
   e - Animate Dead                   Necromancy                   4
   f - Control Undead                 Necromancy                   4
 D - a book of Annihilations {highlevel, unknown}

   This book is beyond your current level of understanding.

   Spells                             Type                      Level
   a - Poison Arrow                   Conjuration/Poison           6
   b - Chain Lightning                Conjuration/Air              8
   c - Lehudib's Crystal Spear        Conjuration/Earth            8
   d - Glaciate                       Conjuration/Ice              9
   e - Fire Storm                     Conjuration/Fire             9
 E - a book of Conjurations

   Spells                             Type                      Level
   a - Magic Dart                     Conjuration                  1
   b - Searing Ray                    Conjuration                  2
   c - Dazzling Spray                 Conjuration/Hexes            3
   d - Fulminant Prism                Conjuration/Hexes            4
   e - Iskenderun's Mystic Blast      Conjuration                  4
   f - Iskenderun's Battlesphere      Conjuration/Charms           5
Comestibles
 e - 10 bread rations
 h - 6 chunks of flesh
 r - a royal jelly
 u - 5 meat rations


   Skills:
 * Level 10.4 Fighting
 + Level 10.1 Maces & Flails
 * Level 11.4 Armour
 + Level 9.7 Shields


You had 9 spell levels left.
You didn't know any spells.

Dungeon Overview and Level Annotations

Branches:
Dungeon (10/15)            Temple (1/1) D:5
   Lair: D:8-11         Orc: D:9-12

Altars:
Ashenzari
Cheibriados
Dithmenos
Elyvilon
Fedhas
Gozag
Kikubaaqudgha
Makhleb
Nemelex Xobeh
Okawaru
Qazlal
Ru
Sif Muna
Trog
Vehumet
Xom
Yredelemnul
Zin
The Shining One

Shops:
D:9 %


Innate Abilities, Weirdness & Mutations

You reflexively headbutt those who attack you in melee.
You have a pair of horns on your head.
You have sharp toenails.
You can translocate small distances at will.
You possess an exceptional clarity of mind.
Armour fits poorly on your strangely shaped body.
You passively map a small area around you.
You are robust (+10% HP).


Message History

You block the yak's attack. The yak gores you!
* * * LOW HITPOINT WARNING * * *
You hit the yak but do no damage. You claw the yak, but do no damage.
The yak closely misses you. You block the yak's attack.
You bludgeon the yak!!
The yak is severely wounded.
The yak gores you!
* * * LOW HITPOINT WARNING * * *
The yak completely misses you. You furiously retaliate!
You headbutt the yak! You hit the yak. You claw the yak, but do no damage.
The yak is almost dead.
The yak gores you!
* * * LOW HITPOINT WARNING * * *
The yak gores you but does no damage.
You impale the yak!!
You kill the yak!
Okawaru accepts your kill. You block the yak's attack. The yak gores you!
You die...

,, ...$...* ,, , ,
.###.....# ,.. ,
.........## ...
#.........# #...* *
, *
..........##..#,* ,
............. . , ,
......†.Y#.###$#.. *
.......@†......... ,
, ...........##..#
,..*
......#.#.....?# ..#
, ,
#..........#...#...
*
#.####.###.#.<.#<###
# * #.###.#.......##
, * #.....#[....#...
* ##.....#.#..#..
#.......##.....


You could see a yak.

Vanquished Creatures
  Erolcha (D:8)
  The ghost of tyrsky the Nimble, an experienced NaMo of Cheibriados (D:9)
  Maurice (D:9)
  Psyche (D:8)
  A troll (D:10)
  A spriggan (D:9)
  9 yaks
  A water moccasin (D:8)
  A black bear (D:8)
  Purgy (Sewer)
  5 ice beasts
  4 ogres
  An orc warrior (D:6)
  A necrophage (D:5)
  A centaur (D:9)
  Blork the orc (D:4)
  A giant frog (D:8)
  4 killer bees (D:7)
  4 electric eels (D:9)
  5 wights (D:8)
  A centaur zombie (D:5)
  A giant frog zombie (D:9)
  3 crimson imps
  3 hounds
  4 giant frog skeletons
  3 orc priests
  3 iguanas
  3 jellies
  3 orc wizards
  7 worker ants
  A worker ant zombie (D:9)
  3 hound skeletons
  3 gnolls (D:6)
  15 adders
  3 shadow imps (D:5)
  An adder zombie (D:7)
  2 oozes
  2 adder skeletons
  5 worms
  4 giant geckos
  24 orcs
  23 bats
  7 giant cockroaches
  15 goblins
  10 hobgoblins
  5 quokkas
  A giant gecko zombie (D:6)
  2 giant newts
  6 jackals
  7 kobolds
  A quokka zombie (D:5)
  16 rats
  A plant (D:9)
233 creatures vanquished.

Vanquished Creatures (others)
  A giant frog zombie (D:8)
  A worker ant (D:8)
2 creatures vanquished.

Grand Total: 235 creatures vanquished

Notes
Turn   | Place    | Note
--------------------------------------------------------------
     0 | D:1      | Kisielow the Minotaur Fighter began the quest for the Orb.
     0 | D:1      | Reached XP level 1. HP: 19/19 MP: 0/0
   144 | D:1      | Reached XP level 2. HP: 26/26 MP: 1/1
   600 | D:2      | Reached skill level 4 in Maces & Flails
   805 | D:2      | Reached XP level 3. HP: 31/31 MP: 2/2
  1018 | D:2      | Found an ancient bone altar of Kikubaaqudgha.
  1269 | D:2      | Reached skill level 5 in Maces & Flails
  1481 | D:2      | Reached XP level 4. HP: 37/39 MP: 3/3
  1876 | D:3      | Found a glowing drain.
  1890 | Sewer    | Entered a sewer
  2051 | Sewer    | Noticed Purgy
  2079 | Sewer    | Killed Purgy
  2079 | Sewer    | Reached XP level 5. HP: 14/46 MP: 4/4
  2377 | D:3      | Found a radiant altar of Vehumet.
  2720 | D:4      | Reached XP level 6. HP: 53/53 MP: 5/5
  2764 | D:4      | Noticed Blork the orc
  2795 | D:4      | Killed Blork the orc
  2795 | D:4      | Reached skill level 5 in Armour
  2795 | D:4      | Reached skill level 5 in Shields
  3175 | D:4      | Reached skill level 5 in Fighting
  3600 | D:4      | Reached XP level 7. HP: 51/61 MP: 6/6
  3690 | D:4      | Reached skill level 6 in Maces & Flails
  3745 | D:5      | Entered Level 5 of the Dungeon
  3859 | D:5      | Found an opulent altar of Gozag.
  4055 | D:5      | Found a staircase to the Ecumenical Temple.
  4062 | Temple   | Entered the Ecumenical Temple
  4789 | D:6      | Reached XP level 8. HP: 33/70 MP: 7/7
  4790 | D:6      | Reached skill level 7 in Armour
  4941 | D:6      | Found an iron altar of Okawaru.
  4946 | D:6      | Became a worshipper of Warmaster Okawaru
  5258 | D:6      | Found a white marble altar of Elyvilon.
  6027 | D:7      | Acquired Okawaru's first power
  6166 | D:7      | Reached skill level 8 in Armour
  6468 | D:7      | Found a shimmering altar of Xom.
  6488 | D:7      | Got a bloodstained robe
  6502 | D:7      | Identified the cursed +1 robe of Orthodoxy {rN++ Int+3 Dex-3} (You found it on level 7 of the Dungeon)
  7059 | D:8      | Reached XP level 9. HP: 77/79 MP: 8/8
  7160 | D:8      | Noticed Psyche
  7167 | D:8      | Reached skill level 9 in Armour
  7171 | D:8      | Killed Psyche
  7798 | D:8      | Noticed Erolcha
  7813 | D:8      | Killed Erolcha
  7813 | D:8      | Reached skill level 10 in Armour
  7813 | D:8      | Reached XP level 10. HP: 21/91 MP: 9/9
  8408 | D:9      | Found a stormy altar of Qazlal.
  9075 | D:9      | Noticed Maurice
  9126 | D:9      | Gained mutation: You are robust (+10% HP). [potion of beneficial mutation]
  9321 | D:9      | Noticed tyrsky's ghost (experienced NaMo)
  9323 | D:9      | Found Afiesmad's Food Emporium.
  9367 | D:9      | Killed tyrsky's ghost
  9367 | D:9      | Acquired Okawaru's second power
  9794 | D:9      | Killed Maurice
  9794 | D:9      | Reached skill level 10 in Fighting
  9794 | D:9      | Reached skill level 11 in Armour
  9807 | D:9      | Gained mutation: You have sharp toenails. [potion of mutation]
  9807 | D:9      | Gained mutation: You possess an exceptional clarity of mind. [potion of mutation]
  9807 | D:9      | Gained mutation: Armour fits poorly on your strangely shaped body. [potion of mutation]
  9808 | D:9      | Gained mutation: You can translocate small distances at will. [potion of mutation]
  9808 | D:9      | Gained mutation: You passively map a small area around you. [potion of mutation]
 10100 | D:10     | Entered Level 10 of the Dungeon
 10137 | D:10     | Reached skill level 10 in Maces & Flails
 10151 | D:10     | Slain by a yak

Vault maps used:
D:1:      dpeg_arrival_refuge
D:2:      old_standard_altar
D:3:      vehumet_altar_wand_db, portal_sewer_entry_d
D:4:      first_bread, minmay_crystal_room, hangedman_decor_lopped,
          uniq_blork_the_orc
D:5:      grunt_gozag_breadcrumbs, minmay_temple_entry_hall
D:6:      kennysheep_little_box, elyvilon_altar_5
D:7:      overflow_temple_1_default
D:8:      lemuel_flame_loot_1, uniq_erolcha, uniq_psyche
D:9:      old_standard_altar, serial_shops, shop_fountains, the_bakery,
          minmay_misc_feat_plants, serial_bayou_lake_a, uniq_maurice
D:10:     orc_0_dummy, basic_altar, minmay_misc_feat_columns
Temple:   circular_temple_12
Sewer:    sewer_big_baddie

Action                   |  1- 3 |  4- 6 |  7- 9 | 10-12 || total
-------------------------+-------+-------+-------+-------++-------
Melee: Flail             |    89 |   158 |       |       ||   247
       Morningstar       |       |    66 |   311 |   169 ||   546
 Abil: Blink             |       |       |       |     1 ||     1
Evoke: Wand              |       |       |       |     3 ||     3
  Use: Potion            |       |     1 |     3 |     6 ||    10
       Scroll            |       |       |    20 |       ||    20
 Stab: Confused          |       |       |       |     1 ||     1
  Eat: Chunk             |     1 |     7 |    12 |     5 ||    25
       Fruit             |       |       |     2 |     2 ||     4
       Pizza             |       |       |       |     1 ||     1
